 Dungeon Crawl Stone Soup version 0.21.1-1-g345015f (webtiles) character file.

364 aMcNicky the Magician (level 6, -4/35 HPs)
             Began as a Deep Elf Fire Elementalist on Mar 10, 2018.
             Killed by divine providence
             ... invoked by an orc priest
              (9 damage)
             ... on level 3 of the Dungeon.
             The game lasted 00:17:08 (2765 turns).

aMcNicky the Magician (Deep Elf Fire Elementalist)  Turns: 2765, Time: 00:17:09

Health: -4/35      AC:  3    Str:  5    XL:     6   Next: 39%
Magic:  8/16       EV: 14    Int: 22    God:
Gold:   145        SH:  0    Dex: 15    Spells: 10/16 levels left

rFire    . . .     SeeInvis .   j - +0 club
rCold    . . .     Gourm    .   (no shield)
rNeg     . . .     Faith    .   a - +1 robe
rPois    .         Spirit   .   (no helmet)
rElec    .         Reflect  .   (no cloak)
rCorr    .         Harm     .   (no gloves)
MR       .....                  (no boots)
Stlth    ++........             (no amulet)
HPRegen  0.11/turn              (no ring)
MPRegen  0.15/turn              (no ring)

@: no status effects
A: no striking features
a: no special abilities


You were on level 3 of the Dungeon.
You were not hungry.

You visited 1 branch of the dungeon, and saw 3 of its levels.

You collected 145 gold pieces.

Inventory:

Hand Weapons
 j - a +0 club (weapon)
Missiles
 t - a throwing net (quivered)
Armour
 a - a +1 robe (worn)
 h - a +0 shield
Wands
 e - a wand of iceblast (6)
Scrolls
 k - a scroll of identify {unknown}
 l - a scroll of remove curse {@r2}
 m - 2 scrolls of enchant armour
 n - a scroll of noise {unknown}
 p - a scroll of magic mapping {unknown}
 q - a scroll of teleportation {unknown}
 r - a scroll of fog {unknown}
Potions
 d - a potion of brilliance {unknown}
 f - a potion of might {unknown}
 g - a potion of haste {unknown}
 i - a potion of curing {unknown}
 o - a potion of agility {unknown}
Books
 b - a book of Flames

   Spells                             Type                      Level
   a - Flame Tongue                   Conjuration/Fire             1
   b - Throw Flame                    Conjuration/Fire             2
   c - Conjure Flame                  Conjuration/Fire             3
   d - Inner Flame                    Hexes/Fire                   3
   e - Sticky Flame                   Conjuration/Fire             4
   f - Fireball                       Conjuration/Fire             5
Comestibles
 c - 4 rations
 s - 3 chunks of flesh


   Skills:
 + Level 2.0 Fighting
 + Level 3.6 Dodging
 - Level 2.4 Stealth
 * Level 5.7 Spellcasting
 + Level 3.1 Conjurations
 + Level 4.4 Fire Magic


You had 10 spell levels left.
You knew the following spells:

 Your Spells              Type           Power        Failure   Level  Hunger
a - Flame Tongue          Conj/Fire      ###..        1%          1    None
b - Conjure Flame         Conj/Fire      ###.....     6%          3    ##.....
c - Throw Flame           Conj/Fire      ###...       3%          2    None


Dungeon Overview and Level Annotations

Branches:
Dungeon (3/15)

Altars:
Cheibriados
Hepliaklqana
Ru
Sif Muna
Wu Jian
Yredelemnul


Message History

Your magical contamination has completely faded away.
Casting: Throw Flame
Confirm with . or Enter, or press ? or * to list all spells.
Aiming: Conjure Flame
Press: ? - help, Dir - move target cursor The fire ignites!
You are feeling hungry.
You see here a flail.
You start resting.
Eating one of 4 chunks of flesh.
You eat one of the 4 chunks of flesh.
This raw flesh tastes terrible.
Casting: Conjure Flame
Confirm with . or Enter, or press ? or * to list all spells.
Aiming: Flame Tongue
Press: ? - help, Shift-Dir - straight line, f - orc priest
Aim: an orc priest, wielding a trident and wearing a ring mail The flame tongue hits the orc priest.
The orc priest is heavily wounded.
The orc priest calls down the wrath of Beogh upon you.
Beogh smites you!
You die...

####.######.#.# #.#
#.#'#####+##
#'######..........#
#.....##..........#
#.....##..........###
#....................
#.........#...#.#)..#
#..##......#o#...#.#.
+####.##...#...#@....#
......##....#..#.....#
#...["...#)..###.....#
##.#)#.#..#).#..#...#..#
.....#.#...###...#.#...#
##...#.#..#...#...#...#.
)....#.#.#.....#..#..#..
###.............# ##...
####.##..#.)...#[.#


You could see an orc priest.

Vanquished Creatures
  A bullfrog (D:3)
  3 orc wizards (D:3)
  4 gnolls
  7 adders
  2 oozes
  An adder skeleton (D:3)
  3 worms (D:2)
  2 dart slugs
  5 leopard geckos
  12 orcs (D:3)
  A ball python (D:2)
  13 bats
  4 giant cockroaches
  3 goblins
  9 hobgoblins
  6 kobolds
  2 quokkas (D:2)
  6 frilled lizards
  4 rats
88 creatures vanquished.

Notes
Turn   | Place    | Note
-------+----------+-------------------------------------------
     0 | D:1      | aMcNicky the Deep Elf Fire Elementalist began the quest for the Orb.
     0 | D:1      | Reached XP level 1. HP: 10/10 MP: 6/6
   107 | D:1      | Reached XP level 2. HP: 16/16 MP: 2/8
   596 | D:1      | Reached XP level 3. HP: 20/20 MP: 8/10
   653 | D:1      | Reached skill level 1 in Fighting
   921 | D:2      | Learned a level 3 spell: Conjure Flame
   924 | D:2      | Learned a level 2 spell: Throw Flame
   967 | D:2      | Found a hazy altar of Hepliaklqana.
  1073 | D:2      | Reached skill level 4 in Spellcasting
  1159 | D:2      | Reached XP level 4. HP: 25/25 MP: 9/12
  1311 | D:2      | Found a basalt altar of Yredelemnul.
  1321 | D:2      | Found a deep blue altar of Sif Muna.
  1341 | D:2      | Found a snail-covered altar of Cheibriados.
  1353 | D:2      | Found a sacrificial altar of Ru.
  1855 | D:2      | Reached XP level 5. HP: 29/29 MP: 10/13
  1954 | D:2      | Found an ornate altar of the Wu Jian Council.
  2374 | D:3      | Reached skill level 5 in Spellcasting
  2385 | D:3      | Reached XP level 6. HP: 29/35 MP: 10/15
  2765 | D:3      | Killed from afar by an orc priest

Skill      XL: |  1  2  3  4  5  6 |
---------------+-------------------+-----
Fighting       | 1 2 |  2.0
Conjurations   | 2 3 |  3.1
Spellcasting   | 4 5 |  5.7
Fire Magic     | 4 |  4.4
Dodging        | 3 |  3.6
Stealth        | |  2.4

Action                   |  1- 3 |  4- 6 || total
-------------------------+-------+-------++-------
 Cast: Flame Tongue      |    64 |   107 ||   171
       Conjure Flame     |       |     4 ||     4
       Throw Flame       |       |     7 ||     7
  Use: Scroll            |       |     3 ||     3
  Eat: Chunk             |     1 |     5 ||     6
Armor: Robe              |       |     4 ||     4
Dodge: Dodged            |    14 |    24 ||    38
